 Dungeon Crawl Stone Soup version 0.30.0-29-ga12c61a403 (webtiles) character file.

Game seed: 14499843309472779282

8599 jurchenman the Thaumaturge (level 11, -5/54 HPs)
             Began as a Deep Elf Fire Elementalist on June 5, 2023.
             Was a Priest of Vehumet.
             Engulfed by a cloud of flame (23 damage)
             ... on level 1 of the Lair of Beasts.
             The game lasted 00:45:58 (12896 turns).

jurchenman the Thaumaturge (DEFE)                  Turns: 12896, Time: 00:45:58

Health: -5/54      AC: 12    Str:  5    XL:     11   Next: 12%
Magic:  23/29      EV: 15    Int: 25    God:    Vehumet [***...]
Gold:   520        SH:  0    Dex: 15    Spells: 21/34 levels left

rFire   . . .        H - +3 dagger (venom)
rCold   . . .        (no shield)
rNeg    . . .        a - +0 robe
rPois   +            g - +0 helmet
rElec   .            t - +1 cloak {rPois}
rCorr   .            A - +0 pair of gloves
SInv    .            F - +1 pair of boots {Stlth+}
Will    +....        (no amulet)
Stlth   +++          k - +4 ring of protection
HPRegen 0.29/turn    i - ring of flight
MPRegen 0.21/turn

%: no passive effects
@: flying
A: no striking features
a: Renounce Religion


You were on level 1 of the Lair of Beasts.
You worshipped Vehumet.
Vehumet was most pleased with you.
You visited 3 branches of the dungeon, and saw 12 of its levels.

You collected 662 gold pieces.
You spent 142 gold pieces at shops.

Inventory:

Hand Weapons
 c - a +1 dagger
 u - a +4 mace
 D - a +1 dagger of electrocution
 H - a +3 dagger of venom (weapon)
Missiles
 f - 139 stones
 l - 35 poisoned darts
 J - 4 throwing nets
Armour
 a - a +0 robe (worn)
 g - a +0 helmet (worn)
 o - a +0 buckler
 t - a +1 cloak of poison resistance (worn)
 A - a +0 pair of gloves (worn)
 F - a +1 pair of boots of stealth (worn)
 N - the +0 leather armour "Fonipn" {rPois rCorr SInv}
   (You found it on level 10 of the Dungeon)

   rPois:     It protects you from poison.
   SInv:      It lets you see invisible.
   rCorr:     It protects you from acid and corrosion.
Magical Staves
 p - a staff of cold
Jewellery
 i - a ring of flight (right hand)
 k - a +4 ring of protection (left hand)
 C - a ring of see invisible
 E - a +6 ring of strength
Wands
 d - a wand of flame (48)
 y - a wand of charming (27)
 B - a wand of iceblast (11)
 G - a wand of digging (3)
Scrolls
 n - 5 scrolls of teleportation
 r - 2 scrolls of amnesia
 v - a scroll of blinking
 w - a scroll of fog
 I - a scroll of silence {unknown}
 K - a scroll of poison
 M - a scroll of fear
Potions
 b - a potion of magic
 e - 5 potions of brilliance
 h - a potion of resistance
 j - 5 potions of curing
 m - 3 potions of cancellation
 q - a potion of berserk rage
 s - a potion of heal wounds
 x - 2 potions of ambrosia
 z - 4 potions of haste


   Skills:
 + Level 7.5 Dodging
 - Level 2.9 Stealth
 + Level 12.2 Spellcasting
 + Level 10.1 Conjurations
 - Level 3.9 Translocations
 + Level 10.5 Fire Magic
 + Level 0.3 Earth Magic


You had 21 spell levels left.
You knew the following spells:

 Your Spells              Type           Power      Damage    Failure   Level
a - Foxfire               Conj/Fire      100%       2x1d9     1%          1
b - Scorch                Fire           100%       2d9       1%          2
c - Flame Wave            Conj/Fire      61%        2d14      1%          4
d - Magic Dart            Conj           100%       1d8       1%          1
e - Momentum Strike       Conj/Tloc      100%       3d10      1%          2
f - Stone Arrow           Conj/Erth      82%        3d12      1%          3

Your spell library contained the following spells:

 Spells                   Type           Power      Damage    Failure   Level
 Poisonous Vapours        Pois/Air       30%        N/A       1%          2
 Ignite Poison            Fire/Tmut/Pois 32%        N/A       1%          3
 Inner Flame              Hex/Fire       41%        N/A       1%          3
 Mephitic Cloud           Conj/Pois/Air  32%        N/A       1%          3
 Volatile Blastmotes      Fire/Tloc      100%       2d18      1%          3
 Frozen Ramparts          Ice            30%        1d5       3%          3
 Summon Small Mammal      Summ           60%        N/A       4%          1
 Arcjolt                  Conj/Air       20%        1d30      4%          5
 Vhi's Electric Charge    Tloc/Air       50%        N/A       5%          3
 Call Imp                 Summ           30%        N/A       6%          2
 Cigotuvi's Dreadful Rot  Necr/Pois/Air  30%        N/A       6%          2
 Freezing Cloud           Conj/Ice/Air   16%        6-21      7%          5
 Passage of Golubria      Tloc           35%        N/A       8%          4
 Call Canine Familiar     Summ           15%        N/A       12%         3
 Summon Guardian Golem    Hex/Summ       15%        N/A       12%         3
 Tukima's Dance           Hex            15%        N/A       12%         3
 Plasma Beam              Fire/Air       20%        2x1d35    17%         6
 Yara's Violent Unravell  Hex/Tmut       7%         3d5       28%         5
 Ice Form                 Ice/Tmut       15%        N/A       36%         4
 Summon Ice Beast         Ice/Summ       15%        N/A       36%         4


Dungeon Overview and Level Annotations

Branches:
Dungeon (10/15)            Temple (1/1) D:5            Lair (1/5) D:10
    Orc (0/2) D:10

Altars:
Ashenzari
Cheibriados
Dithmenos
Elyvilon
Fedhas
Gozag
Hepliaklqana
Kikubaaqudgha
Makhleb
Nemelex Xobeh
Okawaru
Qazlal
Ru
Sif Muna
Trog
Uskayaw
Vehumet
Wu Jian
Xom
Yredelemnul
Zin
The Shining One

Shops:
D:2 (   D:7 [

Annotations:
D:3 1 exclusion
D:4 2 transporters
D:5 1 runed translucent door, cheesebisquit's ghost, novice HONe
Lair:1 Erica; Fannar


Message History

The boulder beetle leaps!
A wolf comes into view.
The wolf attacks as you move away! The wolf bites you but does no damage.
The wolf attacks as you move away! The wolf closely misses you. x2
The wolf closely misses you. The wolf completely misses you.
The wolf bites you.
Casting: Foxfire (safe; 1% risk of failure)
Confirm with . or Enter, or press ? or * to list all spells.
Casting: Flame Wave (safe; 1% risk of failure)
Press: ? - help, Dir - look around, f - activate A wave of flame ripples out!
The flame wave engulfs the wolf.
The wolf is moderately wounded.
The tree burns like a torch! (Press . to intensify the flame waves.)
You hear a howl! x2; You hear a bellow!
The wolf completely misses you.
A wave of flame ripples out!
The flame wave engulfs the wolf!!
The wolf is almost dead.
The flame wave engulfs the wolf!
You kill the wolf!
Vehumet accepts your kill.
The flame wave engulfs the wolf.
The wolf is lightly wounded.
The tree burns like a torch!
You are engulfed in blazing flames.
The wolf is engulfed in blazing flames.
You kill the wolf!
Vehumet accepts your kill.
The wolf is engulfed in blazing flames. x2; The wolf bites you.
A wave of flame ripples out!
The flame wave engulfs the wolf!
You kill the wolf!
Vehumet accepts your kill.
The flame wave engulfs the plant.
The plant begins to die.
The plant is lightly damaged.
The flame wave engulfs the wolf!
The wolf is heavily wounded.
The tree burns like a torch!
The flame wave engulfs the yak!!
The yak is severely wounded.
You finish channelling waves of flame.
You are engulfed in blazing flames.
You die...

#♣.... ... ♣.♣.# ..
♣.... .. ♣.♣P# ##. ##
###.♣## .. .. §# #PP♣...
.#..##.#§# +PP.#.#
.......§§# ###P#.. #@#
####P#.#. ..#.###§§#
##P#P♣..## ......†§#####
#P#P##....
..#.#P.hY.hP###.....#.##
...........Y.h.........
..#...#P.#.####Y###.##..
##.#####.# #.# #.# #.
... ..h .Y. ... . ....
#P.#.#........ .


You could see a yak and a wolf.

Vanquished Creatures
  Harold (D:9)
  3 death yaks
  An unseen horror (D:10)
  A cane toad (Lair:1)
  A kobold demonologist (D:10)
  3 trolls
  A wraith (D:9)
  12 yaks
  2 wyverns
  An acid dragon (D:10)
  2 water moccasins (D:7)
  2 black bears
  2 orc warriors (D:9)
  An ogre (D:7)
  3 wolves (Lair:1)
  4 centaurs
  A phantom (D:3)
  3 kobold brigands
  2 bullfrogs
  2 scorpions
  A howler monkey (D:8)
  A hound (D:6)
  2 jellies
  2 orc priests (D:9)
  Crazy Yiuf (D:2)
  3 sleepcaps
  Natasha (thrice) (D:3)
  3 orc wizards (D:6)
  3 hell rats (D:10)
  A mummy (D:6)
  Robin (D:2)
  4 gnolls
  A river rat (D:10)
  6 adders
  3 shadow imps
  2 white imps
  4 worms
  A dart slug (D:2)
  41 orcs
  4 bats
  6 endoplasms
  2 giant cockroaches
  11 goblins
  11 hobgoblins
  2 jackals (D:1)
  34 kobolds
  5 quokkas
  9 ball pythons
  3 frilled lizards
  3 kobold zombies (D:6)
  An orc zombie (D:6)
  2 rats
224 creatures vanquished.

Vanquished Creatures (collateral kills)
  5 foxfires (D:5)
5 creatures vanquished.

Vanquished Creatures (others)
  A jelly (D:7)
  430 foxfires
431 creatures vanquished.

Grand Total: 660 creatures vanquished

Notes
Turn   | Place    | Note
-------+----------+-------------------------------------------
     0 | D:1      | jurchenman the Deep Elf Fire Elementalist began the quest
                  | for the Orb.
     0 | D:1      | Reached XP level 1. HP: 10/10 MP: 6/6
    31 | D:1      | Reached XP level 2. HP: 15/15 MP: 4/8
   210 | D:1      | Learned a level 2 spell: Scorch
   567 | D:1      | Reached XP level 3. HP: 19/19 MP: 7/9
  1471 | D:2      | Noticed Robin
  1543 | D:2      | Killed Robin
  1850 | D:2      | Reached XP level 4. HP: 24/24 MP: 5/11
  1937 | D:2      | Reached skill level 4 in Spellcasting
  2044 | D:2      | Found Uffaqily's Weapon Emporium.
  2891 | D:2      | Found a runed translucent door.
  2892 | D:2      | Noticed Crazy Yiuf
  2898 | D:2      | Killed Crazy Yiuf
  3138 | D:3      | Reached XP level 5. HP: 24/28 MP: 4/13
  3245 | D:3      | Noticed Natasha
  3247 | D:3      | Noticed a phantom
  3252 | D:3      | Killed Natasha
  3263 | D:3      | Killed a phantom
  3264 | D:3      | Reached skill level 5 in Spellcasting
  3403 | D:3      | Reached XP level 6. HP: 32/32 MP: 11/15
  3537 | D:3      | Found a shimmering blue altar of Sif Muna.
  3538 | D:3      | Found a sacrificial altar of Ru.
  3712 | D:3      | Noticed Natasha
  3716 | D:3      | Killed Natasha
  3717 | D:3      | Reached skill level 5 in Fire Magic
  4073 | D:3      | Noticed Natasha
  4077 | D:3      | Killed Natasha
  4212 | D:4      | Found a transporter.
  4217 | D:4      | Found a transporter.
  4217 | D:4      | Noticed a two-headed ogre
  4218 | D:4      | Noticed a water moccasin
  4227 | D:4      | Found a white marble altar of Elyvilon.
  4227 | D:4      | Found a bloodstained altar of Trog.
  4735 | D:4      | Found a glowing silver altar of Zin.
  4746 | D:4      | Learned a level 4 spell: Flame Wave
  4777 | D:5      | Entered Level 5 of the Dungeon
  4783 | D:5      | Reached skill level 6 in Spellcasting
  4829 | D:5      | Reached XP level 7. HP: 36/36 MP: 15/18
  5233 | D:5      | Found a runed translucent door.
  5237 | D:5      | Noticed cheesebisquit's ghost (novice HONe)
  5238 | D:5      | Noticed a two-headed ogre
  5299 | D:5      | Found a staircase to the Ecumenical Temple.
  5305 | Temple   | Entered the Ecumenical Temple
  5322 | Temple   | Became a worshipper of Vehumet
  5470 | D:5      | Reached skill level 5 in Conjurations
  5624 | D:5      | Reached * piety under Vehumet
  5624 | D:5      | Offered knowledge of Shock by Vehumet.
  5994 | D:6      | Reached skill level 7 in Spellcasting
  6259 | D:6      | Found an ancient bone altar of Kikubaaqudgha.
  6798 | D:7      | Reached XP level 8. HP: 41/41 MP: 16/21
  6812 | D:7      | Reached skill level 8 in Spellcasting
  6995 | D:6      | Reached skill level 9 in Spellcasting
  7098 | D:6      | Reached XP level 9. HP: 14/45 MP: 9/24
  7316 | D:7      | Found Wuthraut's Antique Armour Shoppe.
  7321 | D:7      | Bought a pair of runed boots for 142 gold pieces
  7816 | D:7      | Reached ** piety under Vehumet
  8007 | D:7      | Offered knowledge of Freeze by Vehumet.
  8321 | D:8      | Reached skill level 10 in Spellcasting
  9150 | D:8      | Learned a level 1 spell: Magic Dart
  9613 | D:8      | Reached skill level 5 in Dodging
  9799 | D:9      | Found a shadowy altar of Dithmenos.
  9946 | D:9      | Found a snail-covered altar of Cheibriados.
 10019 | D:9      | Reached XP level 10. HP: 45/50 MP: 15/26
 10223 | D:9      | Noticed Harold
 10235 | D:9      | Killed Harold
 10236 | D:9      | Reached skill level 11 in Spellcasting
 10422 | D:9      | Offered knowledge of Momentum Strike by Vehumet.
 10429 | D:9      | Learned a level 2 spell: Momentum Strike
 10597 | D:9      | Reached *** piety under Vehumet
 10686 | D:9      | Reached skill level 1 in Translocations
 10979 | D:10     | Entered Level 10 of the Dungeon
 11095 | D:10     | Noticed a death yak
 11096 | D:10     | Noticed a death yak
 11096 | D:10     | Noticed a death yak
 11115 | D:9      | Killed a death yak
 11116 | D:9      | Reached skill level 10 in Fire Magic
 11970 | D:10     | Found a staircase to the Lair.
 11995 | D:10     | Identified the +0 leather armour "Fonipn" {rPois rCorr
                  | SInv}
 12038 | D:9      | Killed a death yak
 12039 | D:9      | Reached skill level 12 in Spellcasting
 12294 | D:10     | Found a staircase to the Orcish Mines.
 12554 | D:10     | Killed a death yak
 12555 | D:10     | Reached skill level 10 in Conjurations
 12555 | D:10     | Reached XP level 11. HP: 38/54 MP: 15/29
 12797 | Lair:1   | Entered Level 1 of the Lair of Beasts
 12852 | Lair:1   | Noticed Fannar
 12858 | Lair:1   | Offered knowledge of Stone Arrow by Vehumet.
 12863 | Lair:1   | Learned a level 3 spell: Stone Arrow
 12875 | Lair:1   | Noticed a boulder beetle
 12882 | Lair:1   | Noticed Erica
 12896 | Lair:1   | Engulfed by a cloud of flame

Illustrated notes

Levels and vault maps discovered:
D:1:      spicycebolla_arrival_risky_transporter, layout_basic
D:2:      layout_basic, serial_shops, shop, chequers_serial_rivers_room_a,
          minmay_parallelograms, chequers_big_river, uniq_robin,
          uniq_crazy_yiuf_cottage
D:3:      layout_basic, nicolae_overflow_squiral, st_stairs_5,
          kennysheep_potato, uniq_natasha
D:4:      cheibrodos_quashed, layout_rooms, zin_treasury,
          gammafunk_temple_overflow_arena
D:5:      kennysheep_kobold_camp, layout_cave_pools,
          minmay_temple_entry_enclosed_plants, ebering_ghost_inner_flame
D:6:      layout_layer_cave, overflow_temple_1_default, minmay_mini_ossuary
D:7:      layout_basic, serial_shops, nicolae_shop_tiny_statue_garden,
          minmay_misc_feat_rugged
D:8:      layout_layer_cave, st_stairs_12, serial_park_tiny_1
D:9:      layout_roguey [special_room_orc], mainiacjoe_overflow_brackets,
          lemuel_crystal_altar, uniq_harold
D:10:     layout_grid_maze, dpeg_lair_monsters, orc_0_dummy
Temple:   zaba_magenta_temple
Lair:1:   lemuel_reptile_caves, layout_long_grid, nicolae_lair_lil_pond,
          wad_woods_03, uniq_fannar, uniq_joseph, uniq_erica

Skill      XL: |  1  2  3  4  5  6  7  8  9 10 |
---------------+-------------------------------+-----
Conjurations   | 2 3 4 5 7 8 10 | 10.1
Spellcasting   | 4 5 6 7 9 10 12 | 12.2
Fire Magic     | 4 5 6 8 9 10 | 10.5
Dodging        | 5 7 |  7.5
Translocations | 3 |  3.9
Stealth        | |  2.9
Earth Magic    | |  0.3

Action                     |  1- 3 |  4- 6 |  7- 9 | 10-12 || total
---------------------------+-------+-------+-------+-------++-------
  Melee: Dagger            |    11 |     7 |    18 |    21 ||    57
   Cast: Foxfire           |    37 |    48 |   120 |    41 ||   246
         Scorch            |    10 |    25 |    83 |    91 ||   209
         Magic Dart        |       |       |     1 |       ||     1
         Flame Wave        |       |       |       |     3 ||     3
    Use: Scroll            |     3 |    10 |    12 |     1 ||    26
   Stab: Sleeping          |     2 |     3 |     3 |       ||     8
 Armour: Robe              |     9 |     5 |    25 |    35 ||    74
  Dodge: Dodged            |    23 |     6 |    39 |    58 ||   126
